 Dungeon Crawl Stone Soup version 0.22.1-1-ga44c0e5 (webtiles) character file.

14233 MTVSty1e the Cleaver (level 12, 0/82 HPs)
             Began as a Gargoyle Fighter on Oct 23, 2018.
             Was a High Priest of Okawaru.
             Killed from afar by an ice statue (18 damage)
             ... with a shard of ice
             ... in an ice cave.
             The game lasted 00:21:48 (11851 turns).

MTVSty1e the Cleaver (Gargoyle Fighter)            Turns: 11851, Time: 00:21:51

Health: 0/82       AC: 23    Str: 24    XL:     12   Next: 14%
Magic:  12/12      EV:  7    Int: 13    God:    Okawaru [*****.]
Gold:   376        SH:  9    Dex:  9    Spells: 11/11 levels left

rFire    + + .     SeeInvis +   D - +1 war axe (elec)
rCold    + + .     Gourm    .   c - +0 shield
rNeg     + . .     Faith    .   p - +3 scale mail {rF+}
rPois    ∞         Spirit   .   A - +2 helmet {Int+3}
rElec    +         Reflect  .   a - scarf {rC+ rF+}
rCorr    .         Harm     .   m - +1 pair of gloves
MR       .....                  (no boots)
Stlth    ..........             (no amulet)
HPRegen  0.23/turn              e - ring of protection from cold
MPRegen  0.13/turn              G - ring of see invisible

@: no status effects
A: negative energy resistance 1, electricity resistance, unbreathing,
petrification resistance, rot immunity, AC +8
a: Heroism, Finesse, Renounce Religion


You were in an ice cave.
You worshipped Okawaru.
Okawaru was extremely pleased with you.
You were not hungry.

You visited 2 branches of the dungeon, and saw 12 of its levels.
You also visited: Ossuary and Ice Cave.

You collected 655 gold pieces.
You spent 279 gold pieces at shops.

Inventory:

Hand Weapons
 b - a +0 scimitar of flaming
 d - a +2 war axe of freezing
 z - a +0 broad axe
 D - a +1 war axe of electrocution (weapon)
Armour
 a - a scarf of resistance (worn)
 c - a +0 shield (worn)
 m - a +1 pair of gloves (worn)
 p - a +3 scale mail of fire resistance (worn)
 u - a +2 hat
 A - a +2 helmet of intelligence (worn)
Jewellery
 e - a ring of protection from cold (left hand)
 G - a ring of see invisible (right hand)
Wands
 w - a wand of flame (53)
 E - a wand of scattershot (5)
 I - a wand of iceblast (8)
Scrolls
 h - 4 scrolls of magic mapping
 i - 3 scrolls of fog
 j - 6 scrolls of identify
 k - 9 scrolls of remove curse
 l - a scroll of fear
 y - 2 scrolls of immolation
 F - a scroll of silence {unknown}
Potions
 g - 2 potions of agility
 n - a potion of haste
 o - 9 potions of curing
 q - a potion of flight
 r - 2 potions of mutation
 s - 5 potions of lignification
 t - 2 potions of berserk rage
 v - a potion of magic
 x - a potion of brilliance
 B - a potion of cancellation
 C - a potion of might
 H - a potion of degeneration {unknown}
Comestibles
 f - 10 rations


   Skills:
 + Level 12.4 Fighting
 * Level 14.0 Axes
 - Level 3.2 Armour
 - Level 3.2 Shields


You had 11 spell levels left.
You didn't know any spells.
Your spell library contained the following spells:

 Spells                   Type           Power        Failure   Level  Hunger
 Beastly Appendage        Tmut           #.....       98%         1    ##.....
 Sticks to Snakes         Tmut           #.......     99%         2    ###....
 Spider Form              Tmut/Pois      #.........   100%        3    ####...
 Ice Form                 Ice/Tmut       #.......     100%        4    #####..
 Blade Hands              Tmut           #.........   100%        5    ######.


Dungeon Overview and Level Annotations

Branches:
Dungeon (11/15)            Temple (1/1) D:7            Lair (0/6) D:9
    Orc (0/2) D:9

Altars:
Ashenzari
Dithmenos
Elyvilon
Fedhas
Gozag
Hepliaklqana
Kikubaaqudgha
Makhleb
Nemelex Xobeh
Okawaru
Qazlal
Ru
Sif Muna
Trog
Uskayaw
Wu Jian
Xom
Yredelemnul
The Shining One

Shops:
D:9 [=(=   D:10 (

Annotations:
D:6 3 runed doors, dvd's ghost, novice OgFi IceCv exclusion: ice statue


Innate Abilities, Weirdness & Mutations

You are resistant to torment.
Your stone body is resilient. (AC +8)
You are immune to poison.
You resist negative energy. (rN+)
You are resistant to electric shocks. (rElec)
You can survive without breathing.
You are immune to petrification.
You are immune to rotting.


Message History

You are engulfed in freezing vapours.
You resist.
You hit the ice statue.
The ice statue is severely damaged.
You are engulfed in freezing vapours.
You resist.
The ice statue glitters chillingly in the dim dungeon light.
The ice statue gestures at you. The freezing blast engulfs you! You resist.
You hit the ice statue but do no damage.
The ice statue is severely damaged.
You are engulfed in freezing vapours.
You resist. The ice statue gestures at you. The shard of ice hits you!
You partially resist.
* * * LOW HITPOINT WARNING * * *
You hit the ice statue but do no damage.
The ice statue is severely damaged.
You are engulfed in freezing vapours.
You resist.
* * * LOW HITPOINT WARNING * * *
The ice statue gestures at you. The shard of ice hits you!
You partially resist.
You die...

###### ###.##.##
#####
##...§§..######....
#...##§#...##....#.
##§§§.#####....#####
#..@...# ##.### #
#..§8§...# ### #
#.........# ###
....####...# ####..
#...# #...# #.....
##.. ..## #..... ##.
#########... ##...##
##.. ##.....###...


You could see an ice statue.

Vanquished Creatures
  Erica (D:8)
  A two-headed ogre (D:9)
  An unseen horror (D:10)
  Pikel (D:6)
  An elephant (D:9)
  A gargoyle (D:10)
  2 centaur skeletons
  10 freezing wraiths (IceCv)
  3 trolls
  A wolf spider simulacrum (IceCv)
  A hippogriff (D:8)
  A wyvern (D:8)
  5 yaks (D:11)
  2 wraiths (Ossuary)
  A basilisk (D:9)
  A death yak simulacrum (IceCv)
  A hungry ghost (D:11)
  8 orc warriors
  2 sky beasts
  4 slaves (D:6)
  A black bear (D:8)
  An eye of draining (D:9)
  6 ice beasts (IceCv)
  3 phantoms
  8 ogres
  A crocodile (D:9)
  7 big kobolds
  4 bullfrogs
  5 gnoll sergeants
  A wyvern skeleton (D:8)
  4 scorpions
  3 wights (Ossuary)
  4 killer bees (D:8)
  2 howler monkeys
  2 bullfrog zombies
  3 crimson imps
  A quasit (D:4)
  6 orc priests
  9 orc wizards
  4 iguanas
  2 worker ants
  2 troll simulacra (IceCv)
  2 wolf simulacra (IceCv)
  2 killer bee zombies (D:8)
  2 centaur simulacra (IceCv)
  A worker ant zombie (D:5)
  4 gnolls
  5 adders
  3 naga simulacra (IceCv)
  2 ogre simulacra (IceCv)
  12 white imps (IceCv)
  An ooze (D:4)
  2 adder zombies
  An adder skeleton (D:8)
  2 worms (D:4)
  A dart slug (D:4)
  3 leopard geckos
  32 orcs
  3 ball pythons
  9 giant cockroaches
  7 goblins
  12 hobgoblins
  13 jackals
  24 kobolds
  5 quokkas
  4 ball python skeletons (Ossuary)
  9 bats
  9 frilled lizards
  A jackal skeleton (D:8)
  A kobold zombie (Ossuary)
  4 orc zombies (Ossuary)
  A quokka zombie (D:5)
  13 rats
317 creatures vanquished.

Vanquished Creatures (others)
  2 fungi (D:6)
  2 plants (D:6)
4 creatures vanquished.

Grand Total: 321 creatures vanquished

Notes
Turn   | Place    | Note
-------+----------+-------------------------------------------
     0 | D:1      | MTVSty1e the Gargoyle Fighter began the quest for the Orb.
     0 | D:1      | Reached XP level 1. HP: 14/14 MP: 1/1
    45 | D:1      | Reached skill level 2 in Axes
   157 | D:1      | Reached XP level 2. HP: 12/19 MP: 2/2
   327 | D:1      | Reached XP level 3. HP: 22/24 MP: 3/3
   629 | D:2      | Reached skill level 3 in Axes
   863 | D:2      | Reached XP level 4. HP: 28/29 MP: 4/4
  1498 | D:3      | Reached XP level 5. HP: 24/34 MP: 5/5
  1505 | D:3      | Reached skill level 4 in Axes
  1748 | D:3      | Found a bloodstained altar of Trog.
  1973 | D:3      | Found a sacrificial altar of Ru.
  2136 | D:3      | Found a shadowy altar of Dithmenos.
  2509 | D:4      | Found a sand-covered staircase.
  2518 | Ossuary  | Entered an ossuary
  2555 | Ossuary  | Reached skill level 5 in Fighting
  2555 | Ossuary  | Reached XP level 6. HP: 40/40 MP: 6/6
  2614 | Ossuary  | Noticed a flying skull
  2614 | Ossuary  | Noticed a wraith
  2621 | Ossuary  | Noticed a flying skull
  2630 | Ossuary  | Noticed a flying skull
  2638 | Ossuary  | Noticed a flying skull
  2661 | Ossuary  | Reached skill level 5 in Axes
  2675 | Ossuary  | Noticed a wraith
  2684 | Ossuary  | Killed a wraith
  2684 | Ossuary  | Reached XP level 7. HP: 20/44 MP: 7/7
  2875 | Ossuary  | Noticed a wraith
  2886 | Ossuary  | Killed a wraith
  2886 | Ossuary  | Reached skill level 6 in Axes
  3708 | D:4      | Reached XP level 8. HP: 46/52 MP: 8/8
  3851 | D:5      | Entered Level 5 of the Dungeon
  3978 | D:5      | Noticed a dagger
  3978 | D:5      | Noticed a dagger
  3982 | D:5      | Found a hide-covered altar of Uskayaw.
  4015 | D:5      | Reached skill level 7 in Axes
  4719 | D:6      | Found a runed gate.
  4720 | D:6      | Noticed dvd's ghost (novice OgFi)
  4721 | D:6      | Found a runed gate.
  4722 | D:6      | Found a runed gate.
  4728 | D:6      | Noticed a kobold demonologist
  4754 | D:6      | Noticed Pikel
  4769 | D:6      | Killed Pikel
  4769 | D:6      | Reached skill level 8 in Axes
  4780 | D:6      | Reached XP level 9. HP: 24/59 MP: 9/9
  5432 | D:6      | Found a sparkling altar of Nemelex Xobeh.
  5471 | D:6      | Reached skill level 9 in Axes
  5767 | D:6      | HP: 2/59 [orc priest/divine providence (9)]
  6444 | D:7      | Found a shattered altar of Ashenzari.
  6857 | D:7      | Found a staircase to the Ecumenical Temple.
  6864 | Temple   | Entered the Ecumenical Temple
  6968 | Temple   | Became a worshipper of Warmaster Okawaru
  7310 | D:8      | Reached skill level 10 in Axes
  7593 | D:8      | Reached XP level 10. HP: 56/66 MP: 10/10
  7688 | D:8      | Reached * piety under Okawaru
  7735 | D:8      | Identified a scroll of acquirement
  8052 | D:8      | Noticed Erica
  8067 | D:8      | Killed Erica
  8067 | D:8      | Reached ** piety under Okawaru
  8067 | D:8      | Reached skill level 10 in Fighting
  8067 | D:8      | Reached skill level 11 in Axes
  8106 | D:8      | Found an opulent altar of Gozag.
  8287 | D:9      | Noticed a two-headed ogre
  8359 | D:9      | Killed a two-headed ogre
  8421 | D:9      | Found Juikekes's Jewellery Boutique.
  8448 | D:9      | Found a staircase to the Lair.
  8448 | D:9      | Noticed an elephant
  8593 | D:9      | Reached *** piety under Okawaru
  8624 | D:9      | Found a staircase to the Orcish Mines.
  8870 | D:8      | Reached skill level 12 in Axes
  8876 | D:8      | Reached XP level 11. HP: 38/73 MP: 11/11
  9086 | D:9      | Reached **** piety under Okawaru
  9234 | D:9      | Found Vuisorat's Jewellery Boutique.
  9242 | D:9      | Found Arphokh's Antique Weapon Boutique.
  9250 | D:9      | Bought a broad axe for 84 gold pieces
  9409 | D:9      | Found Lylenweu's Armour Shoppe.
  9634 | D:10     | Entered Level 10 of the Dungeon
  9955 | D:9      | Bought an uncursed ring of see invisible for 195 gold
                  | pieces
 10247 | D:10     | Found Pugraom's Antique Weapon Emporium.
 10381 | D:10     | Noticed an unseen horror
 10394 | D:10     | Killed an unseen horror
 10394 | D:10     | Reached skill level 13 in Axes
 10510 | D:11     | Reached ***** piety under Okawaru
 10551 | D:11     | Found a frozen archway.
 10587 | IceCv    | Entered an ice cave
 11134 | IceCv    | Received a gift from Okawaru
 11208 | IceCv    | Reached XP level 12. HP: 39/81 MP: 12/12
 11392 | IceCv    | Received a gift from Okawaru
 11485 | IceCv    | Found an ancient bone altar of Kikubaaqudgha.
 11504 | IceCv    | Reached skill level 14 in Axes
 11851 | IceCv    | Killed from afar by an ice statue

Skill      XL: |  1  2  3  4  5  6  7  8  9 10 11 12 |
---------------+-------------------------------------+-----
Axes           | 2 3 4 5 6 8 10 12 13 14 | 14.0
Fighting       | 4 5 6 7 9 10 12 | 12.4
Armour         | |  3.2
Shields        | |  3.2

Action                   |  1- 3 |  4- 6 |  7- 9 | 10-12 || total
-------------------------+-------+-------+-------+-------++-------
Melee: War axe           |   132 |   240 |   337 |   381 ||  1090
Invok: Heroism           |       |       |       |     5 ||     5
  Use: Scroll            |       |     1 |    15 |    10 ||    26
       Potion            |       |     1 |     3 |     1 ||     5
  Eat: Ration            |       |     2 |     3 |     6 ||    11
       Chunk             |       |     2 |     4 |       ||     6
Armor: Scale mail        |    70 |   130 |   189 |   283 ||   672
Dodge: Dodged            |    47 |    78 |   102 |    98 ||   325
Block: Shield            |    95 |   143 |   162 |   184 ||   584
